Map: Cosmic Sapphire

Players

Cham

  • Race: Zerg Zerg
  • Spawn Location: 11:00

Has - Winner!

  • Race: Protoss Protoss
  • Spawn Location: 5:00

Event: DreamHack SC2 Masters 2022 Atlanta (Offline)

VOD

Have the link to the VOD?

Description

Time

  • Played on: Nov. 18, 2022, 8:45 p.m.
  • Length: 6:23

All games in this series

Show
View Real Time Build Order
Export as new Build Order

Cham Zerg 

Build Orders: Hatch First 

Get SALT Encoding   

  12  0:00  Drone  
  13  0:12  Overlord  
  13  0:17  Drone  
  14  0:31  Drone x2  
  16  0:48  Hatchery  
  15  0:51  Drone  
  15  0:55  Drone  
  17  0:57  Drone  
  18  1:06  Drone  
  19  1:14  Spawning Pool  
  19  1:17  Extractor  
  17  1:19  Drone  
  18  1:28  Drone  
  19  1:38  Drone  
  20  1:50  Drone  
  21  2:01  Drone  
  21  2:02  Queen x2, Drone  
  27  2:11  Drone, Overlord  
  28  2:20  Metabolic Boost  
  28  2:29  Hatchery  
  27  2:33  Drone  
  27  2:34  Drone  
  27  2:35  Overlord  
  29  2:39  Drone  
  30  2:46  Queen  
  30  2:50  Drone  
  33  2:54  Drone  
  33  2:55  Overlord  
  33  2:57  Drone  
  35  3:05  Drone  
  35  3:06  Drone  
  35  3:10  Overlord  
  35  3:12  Drone x2  
  39  3:13  Drone x2  
  39  3:14  Drone  
  39  3:19  Queen  
  44  3:27  Queen  
  44  3:30  Overlord  
  44  3:33  Baneling Nest  
  45  3:35  Drone  
  45  3:36  Drone  
  45  3:37  Drone  
  45  3:40  Overlord  
  48  3:44  Drone  
  48  3:45  Drone x2  
  48  3:48  Roach Warren  
  51  3:50  Zergling x2  
  51  3:52  Zergling x2, Extractor  
  51  3:54  Zergling x2  
  53  4:00  Zergling x8  
  53  4:02  Zergling x2  
  58  4:03  Zergling x2  
  58  4:06  Overlord  
  59  4:16  Zergling x2  
  59  4:17  Zergling x10  
  65  4:28  Roach  
  65  4:29  Roach x5  
  74  4:32  Roach  
  74  4:34  Roach  
  74  4:36  Roach  
  80  4:39  Zergling x2  
  80  4:46  Roach  
  80  4:47  Overlord x2  
  80  4:56  Roach x3  
  77  5:09  Roach  
  77  5:10  Zergling x2, Roach x2  
  63  5:14  Roach x2  
  63  5:16  Zergling x2  
  55  5:23  Zergling x4  
  55  5:25  Zergling x2  
  43  5:29  Zergling x2  
  41  5:37  Zergling x2  
  41  5:41  Zergling x2  
  37  5:51  Zergling x2  
  37  5:52  Zergling x2  
  39  5:58  Zergling x2  
  39  6:00  Zergling x2  
Show
View Real Time Build Order
Export as new Build Order

Has Protoss - Winner!

Build Orders: 1 Gate Expand 

Get SALT Encoding   

  12  0:00  Probe  
  13  0:12  Probe  
  14  0:20  Pylon  
  14  0:24  Probe (Chrono Boost)  
  15  0:30  Assimilator  
  15  0:40  Probe (Chrono Boost)  
  16  0:44  Probe (Chrono Boost), Gateway  
  17  0:55  Probe  
  18  1:07  Probe  
  19  1:19  Nexus  
  19  1:31  Cybernetics Core  
  19  1:33  Probe  
  19  1:39  Pylon  
  20  1:46  Probe  
  23  1:58  Probe  
  22  2:06  Stalker (Chrono Boost)  
  22  2:10  Probe  
  22  2:11  Robotics Facility  
  26  2:23  Probe (Chrono Boost)  
  26  2:24  Warp Gate (Chrono Boost)  
  26  2:29  Zealot  
  28  2:31  Probe (Chrono Boost)  
  30  2:40  Probe (Chrono Boost)  
  30  2:41  Probe (Chrono Boost)  
  31  2:46  Probe x2 (Chrono Boost)  
  33  2:55  Warp Prism (Chrono Boost)  
  33  2:58  Probe x2  
  37  3:07  Gateway  
  37  3:08  Gateway  
  37  3:21  Immortal (Chrono Boost)  
  41  3:27  Gateway  
  41  3:30  Gateway  
  41  3:33  Gateway  
  41  3:39  Gateway  
  41  3:46  Pylon  
  41  3:49  Probe  
  41  3:53  Pylon  
  42  4:06  Pylon  
  42  4:07  Zealot  
  42  4:08  Zealot x2  
  48  4:24  Zealot  
  50  4:25  Zealot  
  50  4:28  Zealot x3  
  50  4:29  Zealot  
  60  4:33  Zealot  
  62  4:41  Pylon  
  62  4:47  Zealot x3  
  62  4:50  Zealot  
  66  5:07  Zealot x6  
  66  5:10  Zealot  
  66  5:19  Zealot  
  56  5:26  Zealot x2  
  56  5:27  Zealot x4  
  60  5:48  Zealot x4  
  60  5:49  Zealot x3  
  64  6:09  Zealot x7  
Tags
 
Add a new tag
Caveats
  • Supply blocks, unpowered buildings, or Contaminate may cause inaccurate times.
  • Supply counts are checked every 10 seconds.